 Dungeon Crawl Stone Soup version 0.15-a0-1345-gc375f20 (webtiles) character file.

508 Chiseanne the Shield-Bearer (level 6, -5/48 HPs)
             Began as a Demonspawn Fighter on June 8, 2014.
             Slain by an ice beast (12 damage)
             ... on Level 5 of the Dungeon.
             The game lasted 00:10:01 (4554 turns).

Chiseanne the Shield-Bearer (Demonspawn Fighter)    Turns: 4554, Time: 00:10:02

HP  -5/48        AC 15     Str 18      XL: 6   Next: 98%
MP   6/6         EV  3     Int 10      God:
Gold 160         SH  9     Dex 12      Spells:  0 memorised,  5 levels left

rFire  . . .     SeeInvis .     a - +0 war axe
rCold  . . .     Clarity  +     p - +1 plate armour
rNeg   . . .     rCorr    .     c - +0 shield
rPois  .         rRot     .     (no helmet)
rElec  .         Spirit   .     u - +0 cloak
SustAb .         Warding  .     (no gloves)
rMut   .         Stasis   .     (no boots)
Gourm  .                        v - amulet of clarity
MR     .....                    (no ring)
                                (no ring)

@: not resistant to hostile enchantments, extremely unstealthy
A: talons 1, icy blue scales 1, nightstalker 1
a: no special abilities


You were on level 5 of the Dungeon.
You were hungry.

You visited 1 branch of the dungeon, and saw 5 of its levels.

You collected 160 gold pieces.

Inventory:

Hand weapons
 a - a +0,+0 war axe (weapon)
Missiles
 q - 2 curare-tipped needles
Armour
 c - a +0 shield (worn)
 p - a +1 plate armour (worn)
 u - a +0 cloak (worn)
Magical devices
 e - a wand of enslavement (13)
 A - a wand of digging (15)
Comestibles
 d - 3 bread rations
 s - a meat ration
 t - a slice of pizza
Scrolls
 b - a scroll of random uselessness {unknown}
 g - 3 scrolls of remove curse
 i - 5 scrolls of identify {unknown}
 j - a scroll of enchant armour {unknown}
 k - a scroll of magic mapping {unknown}
 m - a scroll of teleportation {unknown}
 o - 4 scrolls of immolation {unknown}
 w - 2 scrolls of blinking {unknown}
 y - a scroll of fear {unknown}
Jewellery
 v - an amulet of clarity (around neck)
Potions
 h - 4 potions of curing {unknown}
 l - a potion of agility {unknown}
 n - a potion of flight {unknown}
 r - a potion of lignification {unknown}
 x - a potion of magic {unknown}
 z - a potion of restore abilities {unknown}


   Skills:
 * Level 4.2 Fighting
 * Level 2.9 Axes
 * Level 4.3 Armour
 * Level 1.7 Dodging
 * Level 4.6 Shields


You had 5 spell levels left.
You didn't know any spells.

Dungeon Overview and Level Annotations

Branches:
Dungeon (5/15)
 Temple: D:4-7

Altars:
Qazlal

Shops:
D:4 %   D:5 *


Innate Abilities, Weirdness & Mutations

You have sharp toenails.
You are partially covered in icy blue scales (AC +1).
You are slightly more attuned to the shadows.


Message History

The ice beast hits you but does no damage.
You hit the ice beast but do no damage. Your kick misses the ice beast.
The ice beast is severely wounded.
You hit the green rat but do no damage.
The ice beast hits you but does no damage.
You block the green rat's attack. The ice beast hits you.
The ice beast freezes you!
You closely miss the green rat. You hit the ice beast but do no damage.
The ice beast is severely wounded.
The green rat bites you but does no damage.
The ice beast hits you but does no damage.
You hit the green rat but do no damage. You closely miss the ice beast.
You claw the ice beast, but do no damage.
The ice beast is severely wounded.
The green rat bites you.
* * * LOW HITPOINT WARNING * * *
The ice beast hits you.
* * * LOW HITPOINT WARNING * * *
The ice beast freezes you!
You die...

#..<.... r#
#..(.... ...
#....... #.#
#....... ..#
#....... #.##
#....... ## #r##
#....... . #rY#
#.#...#. #. ##@##
###...#. #.# ##.#
#......# ##.###..#
#.....##
#.#...##### #...###
#..%###..######..##
#...%.%##..#.##.##
#..##.#######.#...#
..###.#. #######
..# ##


You could see an ice beast, a green rat and a rat.

Vanquished Creatures
  Eustachio (D:4)
  Crazy Yiuf (D:3)
  A hound (D:4)
  Natasha (twice) (D:3)
  4 worker ants
  Ijyb (D:4)
  The ghost of Rage the Ruffian, a weakling MiMo (D:4)
  4 gnolls (D:2)
  2 adders
  2 green rats
  A giant mite (D:3)
  A worm (D:4)
  2 giant geckos
  An orc (D:3)
  2 ball pythons
  3 giant cockroaches
  6 goblins
  8 hobgoblins
  3 jackals (D:2)
  10 kobolds
  12 bats
  4 giant newts
  14 rats
  A rat skeleton (D:4)
87 creatures vanquished.

Vanquished Creatures (collateral kills)
  A green rat (D:4)
  A giant gecko (D:4)
  An ooze (D:4)
  A bat (D:4)
  2 goblins (D:4)
6 creatures vanquished.

Grand Total: 93 creatures vanquished

Notes
Turn   | Place    | Note
--------------------------------------------------------------
     0 | D:1      | Chiseanne, the Demonspawn Fighter, began the quest for the Orb.
     0 | D:1      | Reached XP level 1. HP: 18/18 MP: 1/1
   121 | D:1      | Gained mutation: You have sharp toenails. [demonic ancestry]
   121 | D:1      | Reached XP level 2. HP: 9/24 MP: 2/2
   961 | D:2      | Reached XP level 3. HP: 14/29 MP: 3/3
  1153 | D:2      | Gained mutation: You are slightly more attuned to the shadows. [demonic ancestry]
  1153 | D:2      | Reached XP level 4. HP: 29/37 MP: 4/4
  1348 | D:2      | Found a stormy altar of Qazlal.
  2299 | D:3      | Noticed Crazy Yiuf
  2305 | D:3      | Killed Crazy Yiuf
  2469 | D:3      | Noticed Natasha
  2480 | D:3      | Killed Natasha
  2480 | D:3      | Reached skill level 4 in Fighting
  2480 | D:3      | Reached skill level 1 in Dodging
  2480 | D:3      | Reached XP level 5. HP: 24/42 MP: 5/5
  2836 | D:3      | Noticed Natasha
  2852 | D:3      | Killed Natasha
  3312 | D:4      | Noticed Eustachio
  3456 | D:4      | Killed Eustachio
  3456 | D:4      | Gained mutation: You are partially covered in icy blue scales (AC +1). [demonic ancestry]
  3456 | D:4      | Reached XP level 6. HP: 35/48 MP: 6/6
  3806 | D:4      | Found Getisil's Food Emporium.
  4007 | D:4      | Noticed Ijyb
  4025 | D:4      | Killed Ijyb
  4204 | D:4      | Noticed Rage's ghost (weakling MiMo)
  4214 | D:4      | Killed Rage's ghost
  4315 | D:5      | Entered Level 5 of the Dungeon
  4319 | D:5      | Found Ghuel's Assorted Antiques.
  4554 | D:5      | Slain by an ice beast

Action                   |  1- 3 |  4- 6 || total
-------------------------+-------+-------++-------
Melee: War axe           |    73 |   273 ||   346
Evoke: Wand              |       |     5 ||     5
  Use: Potion            |       |     2 ||     2
       Scroll            |       |     2 ||     2
